 Dungeon Crawl Stone Soup version 0.30.1-3-gfc49f6343a (webtiles) character file.

Game seed: 4491648313253498171

26 DemonSlayer the Digger (level 2, -1/19 HPs)
             Began as a Demonspawn Earth Elementalist on July 21, 2023.
             Slain by a gnoll
             ... wielding a +0 club
              (6 damage)
             ... on level 2 of the Dungeon.
             The game lasted 00:01:00 (964 turns).

DemonSlayer the Digger (DsEE)                        Turns: 964, Time: 00:01:00

Health: -1/19      AC:  2    Str:  8    XL:     2   Next: 89%
Magic:  0/5        EV: 12    Int: 16    God:
Gold:   63         SH:  0    Dex: 13    Spells: 4/5 levels left

rFire   . . .        (no weapon)
rCold   . . .        (no shield)
rNeg    . . .        a - +0 robe
rPois   .            (no helmet)
rElec   .            (no cloak)
rCorr   .            (no gloves)
SInv    .            (no boots)
Will    .....        (no amulet)
Stlth   ++           (no ring)
HPRegen 0.23/turn    (no ring)
MPRegen 0.09/turn

%: no passive effects
@: very slightly contaminated
A: weakness stinger 1
a: no special abilities


You were on level 2 of the Dungeon.
You visited 1 branch of the dungeon, and saw 2 of its levels.

You collected 63 gold pieces.

Inventory:

Armour
 a - a +0 robe (worn)
Scrolls
 c - a scroll of silence {unknown}
 d - a scroll of fear {unknown}
Potions
 b - a potion of brilliance {unknown}
 e - a potion of might {unknown}
 f - a potion of haste {unknown}
 g - a potion of flight {unknown}
 h - a potion of attraction {unknown}


   Skills:
 + Level 1.9 Dodging
 + Level 1.9 Stealth
 + Level 2.4 Spellcasting
 + Level 0.8 Transmutations
 + Level 3.3 Earth Magic


You had 4 spell levels left.
You knew the following spells:

 Your Spells              Type           Power      Damage    Failure   Level
a - Sandblast             Erth           24%        2d8       4%          1

Your spell library contained the following spells:

 Spells                   Type           Power      Damage    Failure   Level
 Passwall                 Tmut/Erth      6%         N/A       13%         2
 Stone Arrow              Conj/Erth      14%        3d7       30%         3
 Petrify                  Tmut/Erth      8%         N/A       63%         4


Dungeon Overview and Level Annotations

Branches:
Dungeon (2/15)

Altars:


Innate Abilities, Weirdness & Mutations

You have a small tail.


Message History

You kill the ball python!
The blast of sand hits the endoplasm!
You kill the endoplasm!
No target in view!
You can't see any susceptible monsters within range! (Use Z to cast anyway.) No target in view!
You now have 54 gold pieces (gained 4).
Found 4 stones.
Found a robe.
You see here 4 stones.
You now have 63 gold pieces (gained 9).
Found a hand axe.
An endoplasm comes into view.
An endoplasm is nearby!
A gnoll comes into view. It is wielding a +0 club.
Found a hand axe.
You see here a +0 robe.
A gnoll comes into view. It is wielding a +0 flail.
The blast of sand hits the endoplasm.
The endoplasm is severely wounded.
The endoplasm quivers.
The blast of sand hits the endoplasm!
You kill the endoplasm!
The blast of sand hits the gnoll.
The gnoll is moderately wounded.
The gnoll hits you with a +0 club.
The blast of sand hits the gnoll.
The gnoll is severely wounded.
The gnoll hits you with a +0 club. x2
* * * LOW HITPOINT WARNING * * *
You are too injured to fight recklessly!
Casting: Sandblast (safe; 4% risk of failure)
Confirm with . or Enter, or press ? or * to list all spells.
Aiming: Sandblast (safe; 4% risk of failure)
Press: ? - help, Shift-Dir - straight line, f/p - gnoll
Aim: a gnoll, wielding a +0 club (severely wounded, 84% to hit)
You miscast Sandblast.
You are very lightly contaminated with residual magic.
Nothing appears to happen.
The gnoll hits you with a +0 club.
You die...

...# ...# ##.# #.# ###
#.# #.. #.# .#.# . #.#
##.#.## ... ##.#
#..#..#♣♣)..♣.
.#.########.##.[@gg.....
.#...........#.##♣♣....♣
...######......### .).
.................# .
.########...(..###
.............#.#
##############.# #.# #..


You could see 2 gnolls.

Vanquished Creatures
  4 bats
  5 endoplasms
  3 giant cockroaches (D:1)
  2 goblins
  3 hobgoblins
  A quokka (D:1)
  2 ball pythons
  A rat (D:1)
  A spectral kobold (D:1)
22 creatures vanquished.

Notes
Turn   | Place    | Note
-------+----------+-------------------------------------------
     0 | D:1      | DemonSlayer the Demonspawn Earth Elementalist began the
                  | quest for the Orb.
     0 | D:1      | Reached XP level 1. HP: 13/13 MP: 3/3
   130 | D:1      | Found a faded altar of an unknown god.
   293 | D:1      | Discovered your monstrous ancestry.
   293 | D:1      | Gained mutation: You have a small tail. [demonic ancestry]
   293 | D:1      | Reached XP level 2. HP: 19/19 MP: 3/5
   400 | D:1      | Reached skill level 3 in Earth Magic
   964 | D:2      | Slain by a gnoll

Illustrated notes

Levels and vault maps discovered:
D:1:      shiori_shiawase, layout_basic,
          dreamdust_ecumenical_altar_drowned_temple
D:2:      layout_loops_ring, pf_guarded_unrand_woodcutter, uniq_terence

Skill      XL: |  1  2 |
---------------+-------+-----
Earth Magic    | 3 |  3.3
Dodging        | |  1.9
Stealth        | |  1.9
Spellcasting   | |  2.4
Transmutations | |  0.8

Action                     || total
---------------------------++-------
  Melee: Unarmed           ||     1
   Cast: Sandblast         ||    33
    Use: Potion            ||     1
 Armour: Robe              ||     2
  Dodge: Dodged            ||     6
